Description

I have done this build 5 times on ladder and EVERY time I feel as though I have not done it correctly; however I am 5-0 with it! This build is a work in progess and gets better the more you use it, so get to it!

Key notes: Robo FIRST, warp prism FIRST, first immortal all before twilight! (twilight goes soon after you start creating first immortal

VOD

https://www.youtube.com/watch?v=CiUbpTDz3P8

Replay - MCanning vs dyn PvZ immortal all in

Build Order

Get SALT Encoding   

  14  0:20  Pylon  you can actually open like this in PvP and PvT as well
  15  0:41  Gateway  this is a safe version, you can nexus first, this is better if you are facing a lot of speedlings, safer
  17  1:01  Assimilator  don't start mining yet (unless early speedlings)
  19  1:26  Nexus  MINE GAS NOW!
  20  1:48  Cybernetics Core  
  21  1:50  Pylon  
  22  2:01  Assimilator  take second assimilator
  24  2:13  Zealot  optional, but I like getting it
  26  2:23  Mothership Core  
  27  2:32  Warp Gate  
  31  2:47  Stalker  again you could add an adept to this build if you wish
  34  3:00  Robotics Facility  I like doing the 4gate warp prism opener with this build variation
  38  3:27  Gateway x3  start throwing down those gateways!
  41  3:46  Warp Prism  chrono this and warp gate if your warp gate is late
  49  4:15  Pylon  don't forget pylons even tho i think I might have missed one or two in this guide, dont get supply blocked!
  53  4:27  Immortal  
  53  4:30  Adept x4  go harass with WP+adept
  59  4:40  Twilight Council  chrono should be on Robo + twilight
  60  4:57  Immortal  keep immo production up, have at LEAST 2
  61  5:20  Charge  remember, no gasses on natural+ cut probes at natrual at MOST 16 workers
  63  5:37  Immortal  i went with 3 immortals because my build felt late
  64  5:38  Gateway x5  add gateways up to about 8 or 9, fit them in when you can
  65  6:10  Pylon x3  like zerg its not bad overmaking probes because you will be contantly warping in
  66  6:29  Zealot x9  start warping in chargelots and go win the game!
  70  6:30  Sentry x3  optional sentries, I like having a few for a couple FF's though
Spawning Tool Build Advisor. Get it on Overwolf

Analysis

I am still very new to this build but I am currently 5-0 with it without executing it that well to be honest. You can open double gateway and adept pressure if you want, I like the robo 4 adept warp prism transition personally. Just practice it a bit, definitely really strong so I would give it a try!

Go to:

Details

  • Created by: Mcanning      
  • Published on: Dec 02, 2015
  • Modified on: Dec 06, 2015
  • Patch: Pre-3.8.0
Show
View Real Time Build Order
Export as new Build Order

Comments (4)

On July 19, 2016, 3:44 p.m., Hector62  said:

If you hit with correct timing adept harass works great. Don't forget to macro while harassing.

On Dec. 6, 2015, 5:48 p.m., Ruscour  said:

Any way you can get earlier gas or something to get the sentries out earlier? It'd be nice to let energy build up on the sentries before the attack rather than only having 1 FF each

On Dec. 4, 2015, 4:42 p.m., Cheebody  said:

thanks for this. currently 4-0 with the build. one time i hit a bit late and the zerg got mutas out, but he didn't have enough bank to keep up with them once i took a third and made stalkers.

On Dec. 3, 2015, 2:07 p.m., Sk3letron  said:

Do you have much luck with the Adept harass?

Create an account to comment!